| 
	| TOP OF THE 1ST | 
|---|
 
		| Bowling Green Hot Rods batting - Pitching for Clinton LumberKings : RHP Jayden Ross |  
		| Pitching: RHP Jayden Ross |  |  
		| Batting: RHB Adam Turpin | 0-0: SINGLE  (Groundball, 6MD, EV 105.0 MPH) |  
		| Batting: RHB Alex Zamora | 0-0: Ball 1-0: Ball
 Adam Turpin steals 2nd base
 2-0:  Fly out, F4  (Flyball, 4D, EV 84.4 MPH)
 |  
		| Batting: SHB Wayne Hattan | 0-0: Ball 1-0: Ball
 2-0: Ball
 3-0: Foul Ball, location: 2F
 3-1: Base on Balls
 |  
		| Batting: LHB Mario Ocana | 0-0: Ball 1-0: Ball
 2-0: Ball
 3-0: Called Strike
 3-1:  3-RUN HOME RUN  (Flyball, 89XD, EV 105.6 MPH), Distance : 440 ft
 |  
		| Batting: RHB Isaiah Easter | 0-0: Called Strike 0-1: Ball
 1-1: Foul Ball, location: 2F
 1-2: Ground out U3 (Groundball, 34, EV 81.2 MPH)
 |  
		| Batting: LHB Sean Banks | 0-0: Foul Ball, location: 2F 0-1: Ball
 1-1: Foul Ball, location: 2F
 1-2:  Fly out, F9  (Flyball, 9S, EV 85.0 MPH)
 |  
		| Top of the 1st over - 3 runs, 2 hits, 0 errors, 0 left on base; Bowling Green 3 - Clinton 0 |  
	| BOTTOM OF THE 1ST | 
|---|
 
		| Clinton LumberKings batting - Pitching for Bowling Green Hot Rods : LHP Melvin Millan |  
		| Pitching: LHP Melvin Millan |  |  
		| Batting: RHB Rich Justice | 0-0: Ground out 4-3 (Groundball, 4M, EV 104.4 MPH) |  
		| Batting: RHB Kinzo Yokoyama | 0-0: Foul Ball, location: 2F 0-1: Foul Ball, location: 2F
 0-2: Ball
 1-2: Ground out 5-3 (Groundball, 5L, EV 97.5 MPH)
 |  
		| Batting: RHB Chris Skaff | 0-0:  Fly out, F8  (Flyball, 8RM, EV 96.9 MPH) |  
		| Bottom of the 1st over - 0 runs, 0 hits, 0 errors, 0 left on base; Bowling Green 3 - Clinton 0 |  
	| TOP OF THE 2ND | 
|---|
 
		| Bowling Green Hot Rods batting - Pitching for Clinton LumberKings : RHP Jayden Ross |  
		| Batting: RHB Jason Penfield | 0-0: Foul Ball, location: 2F 0-1: Swinging Strike
 0-2: Ball
 1-2: Ball
 2-2: Foul Ball, location: 2F
 2-2: Foul Ball, location: 2F
 2-2: Foul Ball, location: 2F
 2-2: Ball
 3-2: Base on Balls
 |  
		| Batting: RHB Jim Erdody | 0-0: Ball 1-0: DOUBLE  (Line Drive, 9LM, EV 106.2 MPH)
 Jason Penfield to third
 |  
		| Batting: LHB Jimmy Detrie | 0-0: Ball 1-0: Called Strike
 1-1: Ground out U3 (Groundball, 3, EV 80.0 MPH)
 |  
		| Batting: RHB Adam Turpin | 0-0: Called Strike 0-1: Ball
 1-1: DOUBLE  (Line Drive, 5D, EV 96.2 MPH)
 Jason Penfield scores
 Jim Erdody scores
 |  
		| Batting: RHB Alex Zamora | 0-0: Ball 1-0: Ball
 2-0: Called Strike
 2-1: Called Strike
 2-2: Foul Ball, location: 2F
 2-2: Strikes out looking
 |  
		| Batting: SHB Wayne Hattan | 0-0: Ball 1-0: Called Strike
 1-1: Ball
 2-1: SINGLE  (Groundball, 34D, EV 95.6 MPH)
 Adam Turpin to third
 Runner from 3rd tries for Home, SAFE, throw by RF to home
 |  
		| Pitching: RHP Rickey DuMire |  |  
		| Batting: LHB Mario Ocana | 0-0: Foul Ball, location: 2F 0-1: Called Strike
 0-2: Strikes out looking
 |  
		| Top of the 2nd over - 3 runs, 3 hits, 0 errors, 1 left on base; Bowling Green 6 - Clinton 0 |  
	| BOTTOM OF THE 2ND | 
|---|
 
		| Clinton LumberKings batting - Pitching for Bowling Green Hot Rods : LHP Melvin Millan |  
		| Batting: RHB Ryan Criollo | 0-0: Foul Ball, location: 2F 0-1: Swinging Strike
 0-2: Ball
 1-2: Ball
 2-2: Strikes out looking
 |  
		| Batting: RHB Ivan Davila | 0-0: Ball 1-0: Called Strike
 1-1: Ground out U3 (Groundball, 34, EV 85.6 MPH)
 |  
		| Batting: RHB Tze-meng Li | 0-0: Ball 1-0: Called Strike
 1-1: DOUBLE  (Line Drive, 89D, EV 108.1 MPH)
 |  
		| Batting: RHB Bryan Shuller | 0-0: Called Strike 0-1: Ball
 1-1: Foul Ball, location: 2F
 1-2: Ball
 2-2: Ball
 3-2: Foul Ball, location: 2F
 3-2:  Fly out, F9  (Flyball, 9, EV 86.9 MPH)
 |  
		| Bottom of the 2nd over - 0 runs, 1 hit, 0 errors, 1 left on base; Bowling Green 6 - Clinton 0 |  
	| TOP OF THE 3RD | 
|---|
 
		| Bowling Green Hot Rods batting - Pitching for Clinton LumberKings : RHP Rickey DuMire |  
		| Batting: RHB Isaiah Easter | 0-0: Ball 1-0: Called Strike
 1-1: Ball
 2-1: Foul Ball, location: 2F
 2-2: Ground out 6-3 (Groundball, 6, EV 101.2 MPH)
 |  
		| Batting: LHB Sean Banks | 0-0: Ball 1-0: Ball
 2-0: Ground out 1-3 (Groundball, 23, EV 75.0 MPH)
 |  
		| Batting: RHB Jason Penfield | 0-0: Ball 1-0: Ball
 2-0:  Fly out, F3  (Popup, 23F, EV 86.2 MPH)
 |  
		| Top of the 3rd over - 0 runs, 0 hits, 0 errors, 0 left on base; Bowling Green 6 - Clinton 0 |  
	| BOTTOM OF THE 3RD | 
|---|
 
		| Clinton LumberKings batting - Pitching for Bowling Green Hot Rods : LHP Melvin Millan |  
		| Batting: RHB Omar Solis | 0-0: DOUBLE  (Groundball, 5L, EV 111.2 MPH) |  
		| Batting: SHB Tony Morales | 0-0: Ball 1-0: Ball
 2-0: Foul Ball, location: 2F
 2-1: Ground out 6-3 (Groundball, 6, EV 100.6 MPH)
 |  
		| Batting: RHB Rich Justice | 0-0: Called Strike 0-1: Foul Ball, location: 2F
 0-2: Strikes out swinging
 |  
		| Batting: RHB Kinzo Yokoyama | 0-0: Swinging Strike 0-1: Ball
 1-1: Ball
 2-1: Called Strike
 2-2: Strikes out swinging
 |  
		| Bottom of the 3rd over - 0 runs, 1 hit, 0 errors, 1 left on base; Bowling Green 6 - Clinton 0 |  
	| TOP OF THE 4TH | 
|---|
 
		| Bowling Green Hot Rods batting - Pitching for Clinton LumberKings : RHP Rickey DuMire |  
		| Batting: RHB Jim Erdody | 0-0: Called Strike 0-1: Ball
 1-1: Called Strike
 1-2: Strikes out swinging
 |  
		| Batting: LHB Jimmy Detrie | 0-0: Called Strike 0-1: Foul Ball, location: 2F
 0-2: Foul Ball, location: 2F
 0-2: Ground out 4-3 (Groundball, 4, EV 83.8 MPH)
 |  
		| Batting: RHB Adam Turpin | 0-0: Called Strike 0-1: Foul Ball, location: 2F
 0-2: Ball
 1-2: Ball
 2-2: Ball
 3-2: Base on Balls
 |  
		| Batting: RHB Alex Zamora | 0-0: Called Strike 0-1: Called Strike
 0-2: Ball
 Adam Turpin steals 2nd base
 1-2: SINGLE  (Line Drive, 89M, EV 111.9 MPH)
 Adam Turpin to third
 Runner from 3rd tries for Home, SAFE, throw by CF to home
 |  
		| Batting: SHB Wayne Hattan | 0-0: Ball 1-0:  Fly out, F4  (Popup, 4MD, EV 73.1 MPH)
 |  
		| Top of the 4th over - 1 run, 1 hit, 0 errors, 1 left on base; Bowling Green 7 - Clinton 0 |  
	| BOTTOM OF THE 4TH | 
|---|
 
		| Clinton LumberKings batting - Pitching for Bowling Green Hot Rods : LHP Melvin Millan |  
		| Batting: RHB Chris Skaff | 0-0: Called Strike 0-1: Ball
 1-1: Foul Ball, location: 2F
 1-2: Foul Ball, location: 2F
 1-2: Foul Ball, location: 2F
 1-2: Ball
 2-2: Foul Ball, location: 2F
 2-2: Foul Ball, location: 2F
 2-2: Strikes out looking
 |  
		| Batting: RHB Ryan Criollo | 0-0: Ball 1-0: Ball
 2-0: SINGLE  (Line Drive, 4MD, EV 99.4 MPH)
 |  
		| Batting: RHB Ivan Davila | 0-0: Swinging Strike 0-1: Foul Ball, location: 2F
 0-2: Ball
 1-2: Strikes out swinging
 |  
		| Batting: RHB Tze-meng Li | 0-0: Called Strike 0-1: Ball
 1-1: Ground out U3 (Groundball, 23, EV 85.0 MPH)
 |  
		| Bottom of the 4th over - 0 runs, 1 hit, 0 errors, 1 left on base; Bowling Green 7 - Clinton 0 |  
	| TOP OF THE 5TH | 
|---|
 
		| Bowling Green Hot Rods batting - Pitching for Clinton LumberKings : RHP Rickey DuMire |  
		| Batting: LHB Mario Ocana | 0-0: Swinging Strike 0-1: Ball
 1-1: Foul Ball, location: 2F
 1-2:  Fly out, F7  (Flyball, 78M, EV 83.1 MPH)
 |  
		| Batting: RHB Isaiah Easter | 0-0: Ball 1-0: Foul Ball, location: 2F
 1-1: Called Strike
 1-2: Ball
 2-2: Ground out 6-3 (Groundball, 6S, EV 93.8 MPH)
 |  
		| Batting: LHB Sean Banks | 0-0: Ground out U3 (Groundball, 34, EV 83.8 MPH) |  
		| Top of the 5th over - 0 runs, 0 hits, 0 errors, 0 left on base; Bowling Green 7 - Clinton 0 |  
	| BOTTOM OF THE 5TH | 
|---|
 
		| Clinton LumberKings batting - Pitching for Bowling Green Hot Rods : LHP Melvin Millan |  
		| Batting: RHB Bryan Shuller | 0-0: Called Strike 0-1: Ball
 1-1: Foul Ball, location: 2F
 1-2: Foul Ball, location: 2F
 1-2: DOUBLE  (Line Drive, 8LXD, EV 100.0 MPH)
 |  
		| Batting: RHB Omar Solis | 0-0: Called Strike 0-1: SINGLE  (Flyball, 78S, EV 97.5 MPH)
 Bryan Shuller to third
 |  
		| Batting: SHB Tony Morales | 0-0: Foul Ball, location: 2F 0-1: Called Strike
 0-2: Foul Ball, location: 2F
 0-2: Ball
 1-2: Grounds into double play, 3-6-3 (Groundball, 34, EV 89.4 MPH)
 Bryan Shuller scores
 |  
		| Batting: RHB Rich Justice | 0-0: Called Strike 0-1: Called Strike
 0-2: Ball
 1-2: Foul Ball, location: 2F
 1-2: SINGLE  (Groundball, 4MD, EV 100.0 MPH)
 |  
		| Batting: RHB Kinzo Yokoyama | 0-0: Ball 1-0: Ball
 2-0: Ball
 3-0: Called Strike
 3-1: Foul Ball, location: 2F
 3-2: Base on Balls
 Rich Justice to second
 |  
		| Batting: RHB Chris Skaff | 0-0: Called Strike 0-1: SINGLE  (Groundball, 56S, EV 71.9 MPH) (infield hit)
 Rich Justice to third
 Kinzo Yokoyama to second
 |  
		| Batting: RHB Ryan Criollo | 0-0: Called Strike 0-1: Ball
 1-1: Ball
 2-1: Ball
 3-1: Ground out 4-3 (Groundball, 4S, EV 83.1 MPH)
 |  
		| Bottom of the 5th over - 1 run, 4 hits, 0 errors, 3 left on base; Bowling Green 7 - Clinton 1 |  
	| TOP OF THE 6TH | 
|---|
 
		| Bowling Green Hot Rods batting - Pitching for Clinton LumberKings : RHP Rickey DuMire |  
		| Batting: RHB Jason Penfield | 0-0: Called Strike 0-1: Ball
 1-1: Called Strike
 1-2: Strikes out swinging
 |  
		| Batting: RHB Jim Erdody | 0-0: Called Strike 0-1: Ball
 1-1:  Fly out, F8  (Flyball, 8RD, EV 85.0 MPH)
 |  
		| Batting: LHB Jimmy Detrie | 0-0: Ball 1-0: Called Strike
 1-1: Foul Ball, location: 2F
 1-2: Ground out 5-3 (Groundball, 56, EV 93.1 MPH)
 |  
		| Top of the 6th over - 0 runs, 0 hits, 0 errors, 0 left on base; Bowling Green 7 - Clinton 1 |  
	| BOTTOM OF THE 6TH | 
|---|
 
		| Clinton LumberKings batting - Pitching for Bowling Green Hot Rods : LHP Melvin Millan |  
		| Batting: RHB Ivan Davila | 0-0: Ball 1-0: Swinging Strike
 1-1:  Fly out, F8  (Flyball, 78D, EV 103.1 MPH)
 |  
		| Batting: RHB Tze-meng Li | 0-0: Ball 1-0: Foul Ball, location: 2F
 1-1: Called Strike
 1-2: Ground out 6-3 (Groundball, 6, EV 81.2 MPH)
 |  
		| Batting: RHB Bryan Shuller | 0-0: Ball 1-0: Swinging Strike
 1-1: Ball
 2-1: SINGLE  (Groundball, 6D, EV 101.9 MPH)
 |  
		| Pitching: RHP Josh Heath |  |  
		| Batting: RHB Omar Solis | 0-0: Ball 1-0: Called Strike
 1-1: Ball
 Bryan Shuller is caught stealing 2nd base 2-4
 |  
		| Bottom of the 6th over - 0 runs, 1 hit, 0 errors, 0 left on base; Bowling Green 7 - Clinton 1 |  
	| TOP OF THE 7TH | 
|---|
 
		| Bowling Green Hot Rods batting - Pitching for Clinton LumberKings : RHP Rickey DuMire |  
		| Batting: RHB Adam Turpin | 0-0:  Fly out, F9  (Line Drive, 9LM, EV 91.2 MPH) |  
		| Batting: RHB Alex Zamora | 0-0: Ground out 6-3 (Groundball, 6, EV 91.9 MPH) |  
		| Batting: SHB Wayne Hattan | 0-0: DOUBLE  (Groundball, 3L, EV 103.8 MPH) |  
		| Batting: LHB Mario Ocana | 0-0: Called Strike 0-1: Ball
 1-1:  Fly out, F8  (Flyball, 8LM, EV 88.1 MPH)
 |  
		| Top of the 7th over - 0 runs, 1 hit, 0 errors, 1 left on base; Bowling Green 7 - Clinton 1 |  
	| BOTTOM OF THE 7TH | 
|---|
 
		| Clinton LumberKings batting - Pitching for Bowling Green Hot Rods : RHP Josh Heath |  
		| Batting: RHB Omar Solis | 0-0: Ball 1-0: Swinging Strike
 1-1: Ground out U3 (Groundball, 3, EV 81.2 MPH)
 |  
		| Batting: SHB Tony Morales | 0-0: Foul Ball, location: 2F 0-1: Swinging Strike
 0-2: Ball
 1-2: Strikes out swinging
 |  
		| Batting: RHB Rich Justice | 0-0: Ball 1-0: Swinging Strike
 1-1: Swinging Strike
 1-2: Strikes out swinging
 |  
		| Bottom of the 7th over - 0 runs, 0 hits, 0 errors, 0 left on base; Bowling Green 7 - Clinton 1 |  
	| TOP OF THE 8TH | 
|---|
 
		| Bowling Green Hot Rods batting - Pitching for Clinton LumberKings : RHP Rickey DuMire |  
		| Batting: RHB Isaiah Easter | 0-0: Ball 1-0:  Fly out, F8  (Flyball, 78S, EV 88.1 MPH)
 |  
		| Batting: LHB Sean Banks | 0-0: Ball 1-0: Ball
 2-0: Foul Ball, location: 2F
 2-1: Foul Ball, location: 2F
 2-2: TRIPLE  (Flyball, 89XD, EV 88.8 MPH)
 |  
		| Pitching: RHP Bill Porter |  |  
		| Batting: RHB Jason Penfield | 0-0: Called Strike 0-1: Swinging Strike
 0-2: Ball
 1-2: Strikes out swinging
 |  
		| Batting: RHB Jim Erdody | 0-0: Called Strike 0-1: Swinging Strike
 0-2: Foul Ball, location: 2F
 0-2: Foul Ball, location: 2F
 0-2: Ball
 1-2: Strikes out swinging
 |  
		| Top of the 8th over - 0 runs, 1 hit, 0 errors, 1 left on base; Bowling Green 7 - Clinton 1 |  
	| BOTTOM OF THE 8TH | 
|---|
 
		| Clinton LumberKings batting - Pitching for Bowling Green Hot Rods : RHP Josh Heath |  
		| Batting: RHB Kinzo Yokoyama | 0-0: Ball 1-0: Ball
 2-0: Foul Ball, location: 2F
 2-1: Ball
 3-1: Base on Balls
 |  
		| Batting: RHB Chris Skaff | 0-0: Ball 1-0: Foul Ball, location: 2F
 1-1: Swinging Strike
 1-2: Ball
 2-2: Ball
 3-2: Strikes out swinging
 |  
		| Batting: RHB Ryan Criollo | 0-0: Swinging Strike 0-1: Swinging Strike
 0-2: Foul Ball, location: 2F
 0-2: Strikes out swinging
 |  
		| Batting: RHB Ivan Davila | 0-0: Ball 1-0: Ball
 2-0: Foul Ball, location: 2F
 2-1: Ball
 3-1: Called Strike
 3-2:  Fly out, F8  (Flyball, 8LD, EV 90.0 MPH)
 |  
		| Bottom of the 8th over - 0 runs, 0 hits, 0 errors, 1 left on base; Bowling Green 7 - Clinton 1 |  
	| TOP OF THE 9TH | 
|---|
 
		| Bowling Green Hot Rods batting - Pitching for Clinton LumberKings : RHP Bill Porter |  
		| Batting: LHB Jimmy Detrie | 0-0: Ground out 6-3 (Groundball, 6D, EV 83.8 MPH) |  
		| Batting: RHB Adam Turpin | 0-0: Foul Ball, location: 2F 0-1: Foul Ball, location: 2F
 0-2: Foul Ball, location: 2F
 0-2: Ball
 1-2: Ball
 2-2: Strikes out looking
 |  
		| Batting: RHB Alex Zamora | 0-0: Ball 1-0: Ground out 5-3 (Groundball, 56, EV 104.4 MPH)
 |  
		| Top of the 9th over - 0 runs, 0 hits, 0 errors, 0 left on base; Bowling Green 7 - Clinton 1 |  
	| BOTTOM OF THE 9TH | 
|---|
 
		| Clinton LumberKings batting - Pitching for Bowling Green Hot Rods : RHP Josh Heath |  
		| Batting: RHB Tze-meng Li | 0-0: Swinging Strike 0-1: Ball
 1-1: Swinging Strike
 1-2:  Fly out, F8  (Flyball, 8RM, EV 96.2 MPH)
 |  
		| Batting: RHB Bryan Shuller | 0-0: Ground out 6-3 (Groundball, 6, EV 85.0 MPH) |  
		| Batting: RHB Omar Solis | 0-0: Ball 1-0: Called Strike
 1-1: Ball
 2-1: Foul Ball, location: 2F
 2-2: Ground out 6-3 (Groundball, 6, EV 87.5 MPH)
 |  
		| Bottom of the 9th over - 0 runs, 0 hits, 0 errors, 0 left on base; Bowling Green 7 - Clinton 1 |  |